Construct Section Command Post
Selects Australian Defense Battlegroup
Selects Australian Light Infantry Section
Australian Light Infantry Section
Australian Light Infantry Section
Selects 2-pounder Anti-tank Gun Team
Australian Light Infantry Section
Construct Platoon Command Post
Construct Field Infirmary
Selects CMP 15cwt Supply Run
Selects Reinforced Resource Caches
2-pounder Anti-tank Gun Team
6-pounder Anti-tank Gun Team
Construct Company Command Post
Selects Archer Tank Destroyer